 Dungeon Crawl Stone Soup version 0.27.1-34-g3ba077fa99 (webtiles) character file.

Game seed: 1867919456837175384

181 zeram the Conjurer (level 5, -8/37 HPs)
             Began as a Gnoll Conjurer on Jan 9, 2022.
             Shot with an arrow by a centaur (12 damage)
             ... on level 3 of the Dungeon.
             The game lasted 00:06:19 (3206 turns).

zeram the Conjurer (Gnoll Conjurer)                 Turns: 3206, Time: 00:06:20

Health: -8/37      AC:  2    Str:  6    XL:     5   Next: 61%
Magic:  1/12       EV: 13    Int: 18    God:
Gold:   59         SH:  0    Dex: 11    Spells: 8/14 levels left

rFire    . . .     SeeInvis .   e - +2 whip (venom)
rCold    . . .     Faith    .   (no shield)
rNeg     . . .     Spirit   .   a - +0 robe
rPois    .         Reflect  .   (no helmet)
rElec    .         Harm     .   (no cloak)
rCorr    .         Rampage  .   (no gloves)
Will     .....                  (no boots)
Stlth    ++........             (no amulet)
HPRegen  0.12/turn              (no ring)
MPRegen  0.13/turn              (no ring)

@: no status effects
A: fangs 1, strong nose, distributed training
a: no special abilities


You were on level 3 of the Dungeon.
You visited 1 branch of the dungeon, and saw 3 of its levels.

You collected 59 gold pieces.

Inventory:

Hand Weapons
 b - a +0 dagger
 e - a +2 whip of venom (weapon)
Missiles
 i - 10 poisoned darts (quivered)
Armour
 a - a +0 robe (worn)
Scrolls
 g - a scroll of teleportation
Potions
 c - 2 potions of might {unknown}
 d - a potion of haste
 f - a potion of invisibility {unknown}
 h - a potion of resistance {unknown}
 j - a potion of flight {unknown}


   Skills:
 + Level 1.5 Fighting
 + Level 1.5 Short Blades
 + Level 1.5 Long Blades
 + Level 1.5 Axes
 + Level 1.5 Maces & Flails
 + Level 1.5 Polearms
 + Level 1.5 Staves
 + Level 1.5 Slings
 + Level 1.5 Bows
 + Level 1.5 Crossbows
 + Level 1.5 Throwing
 + Level 1.5 Armour
 + Level 4.8 Dodging
 + Level 4.4 Stealth
 + Level 1.5 Shields
 + Level 1.5 Unarmed Combat
 + Level 5.2 Spellcasting
 + Level 7.2 Conjurations
 + Level 1.2 Hexes
 + Level 1.2 Summonings
 + Level 1.2 Necromancy
 + Level 1.2 Translocations
 + Level 1.2 Transmutations
 + Level 1.2 Fire Magic
 + Level 1.2 Ice Magic
 + Level 1.2 Air Magic
 + Level 1.2 Earth Magic
 + Level 1.2 Poison Magic
 + Level 1.7 Invocations
 + Level 1.5 Evocations


You had 8 spell levels left.
You knew the following spells:

 Your Spells              Type           Power      Damage    Failure   Level
a - Magic Dart            Conj           100%       1d8       1%          1
b - Searing Ray           Conj           60%        3d5       1%          2
c - Dazzling Flash        Conj/Hex       38%        N/A       7%          3

Your spell library contained the following spells:

 Spells                   Type           Power      Damage    Failure   Level
 Fulminant Prism          Conj/Hex       9%         3d7       22%         4
 Iskenderun's Mystic Bla  Conj/Tloc      19%        2d6       22%         4


Dungeon Overview and Level Annotations

Branches:
Dungeon (3/15)

Altars:

Shops:
D:2 !   D:3 [


Innate Abilities, Weirdness & Mutations

You have very sharp teeth.
Your uncanny sense of smell can sniff out nearby items.
Your experience applies equally to all skills.


Message History

The centaur shoots an arrow.
The arrow closely misses you.
Casting: Magic Dart (safe; 1% risk of failure)
Confirm with . or Enter, or press ? or * to list all spells.
You don't have enough magic to cast this spell.
Unknown command.
Unknown command.
Casting: Magic Dart (safe; 1% risk of failure)
Confirm with . or Enter, or press ? or * to list all spells.
You don't have enough magic to cast this spell.
Unknown command.
You closely miss the adder.
The adder is almost dead.
The adder completely misses you.
You barely miss the adder.
The adder is almost dead.
The adder bites you but does no damage.
You closely miss the adder.
The adder is almost dead.
The adder bites you. The adder barely misses you.
You miss the adder.
The adder is almost dead.
The adder bites you.
You miss the adder.
The adder is almost dead.
The centaur unwields a +0 shortbow.
The centaur hits you.
The centaur kicks you but does no damage.
The adder bites you but does no damage. The centaur hits you.
The centaur kicks you but does no damage.
You are too injured to fight recklessly!
You are too injured to fight recklessly!
You are too injured to fight recklessly!
You are too injured to fight recklessly!
Unknown command.
The centaur wields a +0 shortbow.
The centaur shoots an arrow.
The arrow closely misses you. The adder closely misses you.
The centaur shoots an arrow.
The arrow hits you!
* * * LOW HITPOINT WARNING * * *
The centaur shoots an arrow.
The arrow misses you.
The centaur shoots an arrow.
The arrow hits you!
You die...

... .. ...... ....
#.... ....
.#####...##....
........#....
..†.........
†.........###.##.#
......c...@..!....
..$....<#S##......
.......)..# #....
..:.!...### ...
#.#...... #
..).##... #.##
#.... # #....
#....∩


You could see a centaur and an adder.

Vanquished Creatures
  An ogre (D:2)
  3 adders (D:2)
  A worm (D:2)
  4 dart slugs
  4 bats
  6 endoplasms
  2 giant cockroaches
  8 goblins
  4 hobgoblins
  5 quokkas
  5 ball pythons
  5 frilled lizards
  9 kobolds
  5 rats
62 creatures vanquished.

Notes
Turn   | Place    | Note
-------+----------+-------------------------------------------
     0 | D:1      | zeram the Gnoll Conjurer began the quest for the Orb.
     0 | D:1      | Reached XP level 1. HP: 13/13 MP: 6/6
   279 | D:1      | Found a faded altar of an unknown god.
   296 | D:1      | Reached XP level 2. HP: 19/19 MP: 3/7
  1040 | D:1      | Reached XP level 3. HP: 14/25 MP: 9/9
  1209 | D:1      | Reached skill level 5 in Spellcasting
  1641 | D:1      | Learned a level 2 spell: Searing Ray
  1645 | D:1      | Learned a level 3 spell: Dazzling Flash
  1890 | D:2      | Reached skill level 1 in Invocations
  2033 | D:2      | Noticed an ogre
  2038 | D:2      | Killed an ogre
  2039 | D:2      | Reached skill level 1 in Fighting
  2039 | D:2      | Reached skill level 1 in Short Blades
  2039 | D:2      | Reached skill level 1 in Long Blades
  2039 | D:2      | Reached skill level 1 in Axes
  2039 | D:2      | Reached skill level 1 in Maces & Flails
  2039 | D:2      | Reached skill level 1 in Polearms
  2039 | D:2      | Reached skill level 1 in Staves
  2039 | D:2      | Reached skill level 1 in Slings
  2039 | D:2      | Reached skill level 1 in Bows
  2039 | D:2      | Reached skill level 1 in Crossbows
  2039 | D:2      | Reached skill level 1 in Throwing
  2039 | D:2      | Reached skill level 1 in Armour
  2039 | D:2      | Reached skill level 1 in Shields
  2039 | D:2      | Reached skill level 1 in Unarmed Combat
  2039 | D:2      | Reached skill level 1 in Hexes
  2039 | D:2      | Reached skill level 1 in Summonings
  2039 | D:2      | Reached skill level 1 in Necromancy
  2039 | D:2      | Reached skill level 1 in Translocations
  2039 | D:2      | Reached skill level 1 in Transmutations
  2039 | D:2      | Reached skill level 1 in Fire Magic
  2039 | D:2      | Reached skill level 1 in Ice Magic
  2039 | D:2      | Reached skill level 1 in Air Magic
  2039 | D:2      | Reached skill level 1 in Earth Magic
  2039 | D:2      | Reached skill level 1 in Poison Magic
  2039 | D:2      | Reached skill level 1 in Evocations
  2039 | D:2      | Reached XP level 4. HP: 32/32 MP: 4/11
  2039 | D:2      | Reached XP level 5. HP: 37/37 MP: 4/12
  2765 | D:2      | Found Dous's Distillery.
  3080 | D:3      | Found Bazingi's Antique Armour Shop.
  3196 | D:3      | Noticed a centaur
  3206 | D:3      | Shot with an arrow by a centaur

Illustrated notes

Levels and vault maps discovered:
D:1:      minmay_arrival_pointy, layout_rooms,
          hellmonk_ecumenical_altar_arch_garden, st_stairs_8
D:2:      layout_loops_cross, serial_shops, shop
D:3:      layout_rooms, mainiacjoe_overflow_24_doors, serial_shops, shop,
          minmay_ogre_servants

Skill      XL: |  1  2  3 |
---------------+----------+-----
Spellcasting   | 5 |  5.2
Invocations    | 1 |  1.7
Fighting       | 1 |  1.5
Short Blades   | 1 |  1.5
Long Blades    | 1 |  1.5
Axes           | 1 |  1.5
Maces & Flails | 1 |  1.5
Polearms       | 1 |  1.5
Staves         | 1 |  1.5
Slings         | 1 |  1.5
Bows           | 1 |  1.5
Crossbows      | 1 |  1.5
Throwing       | 1 |  1.5
Armour         | 1 |  1.5
Shields        | 1 |  1.5
Unarmed Combat | 1 |  1.5
Hexes          | 1 |  1.2
Summonings     | 1 |  1.2
Necromancy     | 1 |  1.2
Translocations | 1 |  1.2
Transmutations | 1 |  1.2
Fire Magic     | 1 |  1.2
Ice Magic      | 1 |  1.2
Air Magic      | 1 |  1.2
Earth Magic    | 1 |  1.2
Poison Magic   | 1 |  1.2
Evocations     | 1 |  1.5
Dodging        | |  4.8
Stealth        | |  4.4
Conjurations   | |  7.2

Action                   |  1- 3 |  4- 6 || total
-------------------------+-------+-------++-------
Melee: Dagger            |   125 |       ||   125
       Bite              |     4 |     3 ||     7
       Whip              |       |    63 ||    63
 Cast: Magic Dart        |    31 |    18 ||    49
       Searing Ray       |     5 |     2 ||     7
  Use: Scroll            |     3 |     2 ||     5
       Potion            |     1 |       ||     1
 Stab: Sleeping          |     1 |     5 ||     6
Armor: Robe              |    33 |     9 ||    42
       Skin              |     6 |       ||     6
Dodge: Dodged            |   119 |    49 ||   168
